AoeStats
← Kaiser Ze

Oasis

510268964Analyzed
2v2 RM · 2d ago on Sep 30, 2026· 29m 24s· 4 players
Game mode
Random Map
Map size
Medium (4 player)
Population
200
Speed
Normal
Resources
Standard
Victory
Conquest
Starting age
Dark Age
Ending age
Imperial Age
RankedLock teamsTeams togetherTeam positionsShared explorationLock speedFull tech treeHidden civsTurbo modeCheats
Victory
Defeat
🇺🇸 Cumans · United States
1573
+8
🇻🇳 Tupi · Vietnam
1306
+18
🇨🇳 Mongols · China
1425
-15
🇨🇳 Byzantines · China
1322
-11
老菜套
5:09 Loom
11:19 Feudal Age
15:51 Castle Age
14:33 Double-Bit Axe
14:48 Horse Collar
15:38 Gold Mining
Kaiser Ze
9:01 Feudal Age
12:16 Loom
12:40 Double-Bit Axe
15:28 Castle Age
14:17 Fletching
15:30 Gold Mining
16:49 Bow Saw
17:29 Bloodlines
22:13 Bodkin Arrow
23:40 Padded Archer Armor
24:37 Leather Archer Armor
25:47 Town Watch
26:37 Wheelbarrow
27:04 Thumb Ring
28:48 Loom
29:39 Wheelbarrow
rconant93
7:27 Loom
11:16 Feudal Age
14:55 Double-Bit Axe
19:05 Horse Collar
21:58 Castle Age
21:46 Bloodlines
24:24 Wheelbarrow
24:29 Bow Saw
27:57 Scale Barding Armor
29:40 Chain Barding Armor
bina
7:03 Loom
9:21 Feudal Age
9:51 Double-Bit Axe
15:14 Fletching
20:29 Castle Age
18:58 Padded Archer Armor
18:51 Horse Collar
19:41 Gold Mining
19:42 Stone Mining
20:31 Crossbowman
21:07 Bodkin Arrow
21:42 Bow Saw
25:55 Squires
29:35 Wheelbarrow
Connection lost

Rejoining the realm…

Still unreachable

The connection could not be restored.

Session expired

The server has moved on; the page needs a fresh start.